 Dungeon Crawl Stone Soup version 0.25-a0-1079-g858b6a6ff6 (webtiles) character file.

Game seed: 10883642230452132242, levelgen mode: deterministic

1089 Esekla the Magician (level 8, -2/50 HPs)
             Began as an Octopode Wizard on May 15, 2020.
             Was a Priest of Qazlal.
             Slain by a worker ant (5 damage)
             ... on level 6 of the Dungeon.
             The game lasted 00:43:13 (5624 turns).

Esekla the Magician (Octopode Wizard)               Turns: 5624, Time: 00:43:13

Health: -2/50      AC:  1    Str:  6    XL:     8   Next: 31%
Magic:  5/16       EV: 13    Int: 21    God:    Qazlal [***...]
Gold:   144        SH: 12    Dex: 12    Spells: 9/18 levels left

rFire    . . .     SeeInvis .   b - +0 short sword
rCold    . . .     Gourm    .   y - +0 buckler
rNeg     . . .     Faith    +   a - +0 hat
rPois    .         Spirit   .   j - amulet of faith
rElec    .         Reflect  .   (no ring)
rCorr    .         Harm     .   (no ring)
MR       .....                  (no ring)
Stlth    ++........             (no ring)
HPRegen  0.16/turn              (no ring)
MPRegen  0.15/turn              (no ring)
                                (no ring)
                                (no ring)

@: lethally poisoned (-2 -> -8), about to teleport
A: almost no armour, stealthy swim, amphibious, 8 rings, constrict 8, tentacle
spike 1, large bone plates 1, camouflage 1, gelatinous body 1
a: Upheaval, Elemental Force, Renounce Religion


You were on level 6 of the Dungeon.
You worshipped Qazlal.
Qazlal was most pleased with you.
You were hungry.

You visited 1 branch of the dungeon, and saw 6 of its levels.

You collected 242 gold pieces.
You spent 98 gold pieces at shops.

Inventory:

Hand Weapons
 b - a +0 short sword (weapon)
 t - a +0 dagger of holy wrath
Missiles
 e - 59 poisoned darts (quivered)
Armour
 a - a +0 hat (worn)
 y - a +0 buckler (worn)
Jewellery
 i - an uncursed ring of fire
 j - an amulet of faith (around mantle)
Wands
 g - a wand of disintegration (15)
 m - a wand of digging (5)
 A - a wand of clouds (6)
Scrolls
 d - 3 scrolls of remove curse
 f - a scroll of teleportation
 h - 7 scrolls of identify
 k - a scroll of immolation {unknown}
 n - a scroll of noise {unknown}
 o - 2 scrolls of random uselessness {unknown}
 p - a scroll of blinking {unknown}
 r - a scroll of amnesia {unknown}
 w - a scroll of enchant weapon {unknown}
Potions
 s - a potion of stabbing {unknown}
 u - 2 potions of degeneration
 x - a potion of flight {unknown}
 z - a potion of mutation
 B - a potion of might {unknown}
Comestibles
 c - 15 rations


   Skills:
 + Level 2.2 Fighting
 + Level 2.9 Short Blades
 + Level 3.1 Dodging
 - Level 2.6 Stealth
 * Level 2.2 Shields
 * Level 5.5 Spellcasting
 + Level 2.3 Conjurations
   Level 1.0 Summonings
 * Level 3.1 Translocations
 * Level 2.8 Air Magic
 * Level 3.2 Poison Magic


You had 9 spell levels left.
You knew the following spells:

 Your Spells              Type           Power        Failure   Level  Hunger
a - Magic Dart            Conj           ###.         4%          1    None
b - Blink                 Tloc           N/A          5%          2    None
c - Mephitic Cloud        Conj/Pois/Air  ###.....     12%         3    ##.....
f - Conjure Flame         Conj/Fire      ##......     24%         3    ##.....

Your spell library contained the following spells:

 Spells                   Type           Power        Failure   Level  Hunger
 Call Imp                 Summ           ##......     13%         2    None
 Slow                     Hex            #.......     19%         2    None


Dungeon Overview and Level Annotations

Branches:
Dungeon (6/15)
 Temple: D:4-7

Altars:
Cheibriados
Qazlal
Sif Muna
Trog
Yredelemnul
Zin

Shops:
D:4 *


Innate Abilities, Weirdness & Mutations

You cannot wear most types of armour.
You are very stealthy in the water. (Stealth+)
You are amphibious.
You can wear up to eight rings at the same time.
You can use your tentacles to constrict eight enemies at once.
Your skin changes colour to match your surroundings (Stealth+).
Your rubbery body absorbs attacks. (AC +1, EV +1)
One of your tentacles bears a spike.
You are partially covered in large bone plates. (SH +4)


Message History

Press: ? - help, Shift-Dir - straight line, f/p - worker ant
Aim: a worker ant (almost dead, constricted by you)
The magic dart hits the worker ant.
You kill the worker ant!
Qazlal accepts your kill.
You feel sick. The worker ant bites you!
* * * LOW HITPOINT WARNING * * *
Okay, then.
Casting: Magic Dart (safe; 4% risk of failure)
Confirm with . or Enter, or press ? or * to list all spells.
You blink.
* * * LOW HITPOINT WARNING * * *
You feel sick. The worker ant completely misses you.
* * * LOW HITPOINT WARNING * * *
You feel sick. You block the orc's attack.
As you read the scroll of teleportation, it crumbles to dust.
You feel strangely unstable.
* * * LOW HITPOINT WARNING * * *
You feel sick. The worker ant bites you.
You die...

###.###..##......#
... #.####..##o#
... #..###o....+
#.###...##.# #
#..##...#### #
#.......##.## #
#........##)#
#........†oa)#
#..........@##
#.##...............
#. #>.........#...#
.. #...........# ..
o. #..#..........
o.. ...#...........
#. .............
...##.......##


You could see a worker ant and an orc.

Vanquished Creatures
  2 orc warriors (D:6)
  2 ogres
  A bullfrog (D:6)
  A scorpion (D:5)
  A water moccasin skeleton (D:5)
  A howler monkey (D:4)
  A centaur zombie (D:6)
  A quasit (D:6)
  A bullfrog skeleton (D:6)
  5 orc wizards
  5 worker ants
  A hound zombie (D:6)
  A howler monkey zombie (D:5)
  6 adders
  2 oozes
  2 worms (D:4)
  3 adder skeletons
  5 dart slugs
  4 leopard geckos
  9 orcs
  4 bats
  4 giant cockroaches
  8 goblins
  14 hobgoblins
  5 jackals
  A quokka (D:3)
  2 ball pythons
  A ball python skeleton (D:4)
  5 frilled lizards
  7 kobolds
  2 leopard gecko skeletons
  6 rats
113 creatures vanquished.

Vanquished Creatures (collateral kills)
  An orc priest (D:6)
1 creature vanquished.

Grand Total: 114 creatures vanquished

Notes
Turn   | Place    | Note
-------+----------+-------------------------------------------
     0 | D:1      | Esekla the Octopode Wizard began the quest for the Orb.
     0 | D:1      | Reached XP level 1. HP: 11/11 MP: 4/4
   126 | D:1      | Reached XP level 2. HP: 17/17 MP: 0/6
   144 | D:1      | Learned a level 2 spell: Blink
   208 | D:2      | Found a snail-covered altar of Cheibriados.
   543 | D:4      | Noticed an ogre
   604 | D:4      | Reached skill level 1 in Fighting
   604 | D:4      | Reached XP level 3. HP: 11/23 MP: 1/8
   611 | D:4      | Learned a level 3 spell: Mephitic Cloud
   615 | D:4      | Learned a level 3 spell: Conjure Flame
   768 | D:5      | Entered Level 5 of the Dungeon
   834 | D:5      | Noticed an ogre
   962 | D:4      | Found Laqunuy's Assorted Antiques.
  1442 | D:5      | Reached skill level 4 in Spellcasting
  1442 | D:5      | Reached XP level 4. HP: 15/28 MP: 0/10
  1510 | D:5      | Gained mutation: You are partially covered in large bone
                  | plates. (SH +4) [potion of mutation]
  1510 | D:5      | Gained mutation: One of your tentacles bears a spike.
                  | [potion of mutation]
  1758 | D:5      | Reached XP level 5. HP: 33/33 MP: 9/11
  1983 | D:4      | Found a stormy altar of Qazlal.
  1992 | D:4      | Became a worshipper of Qazlal Stormbringer
  2074 | D:4      | Reached skill level 1 in Air Magic
  2178 | D:4      | Reached skill level 1 in Short Blades
  2240 | D:3      | Found a basalt altar of Yredelemnul.
  2299 | D:3      | Found a bloodstained altar of Trog.
  2577 | D:1      | Reached * piety under Qazlal
  2601 | D:1      | Reached XP level 6. HP: 38/39 MP: 8/12
  2877 | D:2      | Found a shimmering blue altar of Sif Muna.
  3442 | D:2      | Reached ** piety under Qazlal
  4044 | D:4      | Reached skill level 1 in Poison Magic
  4062 | D:4      | Bought a scroll labeled WIZUDI INWAFIMP for 20 gold pieces
  4062 | D:4      | Bought a scroll labeled XOTOBA UMMIZ for 20 gold pieces
  4062 | D:4      | Bought an orange potion for 18 gold pieces
  4062 | D:4      | Bought a scroll labeled SEGUEN EFYM for 20 gold pieces
  4062 | D:4      | Bought a scroll labeled SEGUEN EFYM for 20 gold pieces
  4792 | D:5      | Reached skill level 5 in Spellcasting
  4792 | D:5      | Reached XP level 7. HP: 45/45 MP: 6/14
  5432 | D:6      | Reached skill level 1 in Shields
  5470 | D:6      | Found a glowing silver altar of Zin.
  5542 | D:6      | Reached *** piety under Qazlal
  5547 | D:6      | Reached XP level 8. HP: 7/50 MP: 11/15
  5624 | D:6      | Slain by a worker ant

Illustrated notes

Levels and vault maps discovered:
D:1:      onia_arrival_pentagram, layout_basic, minmay_misc_feat_nine_boxes
D:2:      layout_basic, nicolae_overflow_hidden_temple, kennysheep_slug_shrine
D:3:      layout_rooms, overflow_temple_1_default,
          nicolae_overflow_crystal_walls, first_ration
D:4:      layout_basic, grunt_qazlal_clouds, serial_shops, shop_fountains
D:5:      layout_loops_cross, corexii_checkpoint_b
D:6:      layout_cave_pools, lemuel_doored_altar,
          gammafunk_temple_overflow_pools, minmay_temple_entry_antechambers,
          st_stairs_1, grunt_ministairs_13

Skill      XL: |  1  2  3  4  5  6  7  8 |
---------------+-------------------------+-----
Fighting       | 1 2 |  2.2
Spellcasting   | 4 5 |  5.5
Translocations | 2 3 |  3.1
Air Magic      | 1 2 |  2.8
Short Blades   | 1 2 |  2.9
Poison Magic   | 1 2 3 |  3.2
Shields        | 1 2 |  2.2
Conjurations   | 2 |  2.3
Dodging        | 3 |  3.1
Stealth        | |  2.6
Summonings     | |  1.0

Action                   |  1- 3 |  4- 6 |  7- 9 || total
-------------------------+-------+-------+-------++-------
Melee: Short sword       |    36 |   137 |   127 ||   300
       Constrict         |    11 |    47 |    18 ||    76
       Tentacles         |     4 |    20 |     9 ||    33
       Unarmed           |     1 |       |       ||     1
       Kick              |       |    29 |    26 ||    55
Throw: Dart              |     3 |    29 |    14 ||    46
 Cast: Magic Dart        |    33 |    32 |    20 ||    85
       Mephitic Cloud    |       |     4 |     5 ||     9
       Blink             |       |     2 |     2 ||     4
Evoke: Wand              |       |       |     1 ||     1
  Use: Potion            |       |     2 |     3 ||     5
       Scroll            |       |     1 |     3 ||     4
 Stab: Sleeping          |     2 |     1 |       ||     3
       Confused          |       |     1 |     7 ||     8
  Eat: Chunk             |       |    11 |       ||    11
       Ration            |       |       |     1 ||     1
Armor: Skin              |     2 |     4 |    17 ||    23
Dodge: Dodged            |    23 |    66 |    53 ||   142
Block: Other             |       |    26 |       ||    26
       Buckler           |       |     1 |    73 ||    74

Table legend:
 A = Non-vault XP
 B = Vault XP
 C = Vault XP percentage of total XP
 D = Non-vault monster count
 E = Vault monster count
 F = Vault count percentage of total count
                 A         B        C        D         E       F
            +---------+---------+-------+---------+---------+-------
      Total |    1483 |      74 |   4.8 |     108 |       6 |   5.3
            +---------+---------+-------+---------+---------+-------
        D:1 |      57 |       0 |   0.0 |      30 |       0 |   0.0
        D:2 |      32 |       4 |  11.1 |      14 |       1 |   6.7
        D:3 |      29 |       0 |   0.0 |      12 |       0 |   0.0
        D:4 |     288 |       0 |   0.0 |      18 |       0 |   0.0
        D:5 |     412 |       4 |   1.0 |      15 |       2 |  11.8
        D:6 |     665 |      66 |   9.0 |      19 |       3 |  13.6
            +---------+---------+-------+---------+---------+-------
